Map: Oceanborn LE

Players

jeannysu

  • Race: Protoss Protoss
  • Spawn Location: 5:00

인공지능 칸 (정예) - Winner!

  • Race: Protoss Protoss
  • Spawn Location: 11:00

VOD

Have the link to the VOD?

Description

Time

  • Played on: Sept. 28, 2025, 9:38 a.m.
  • Length: 10:19
Show
View Real Time Build Order
Export as new Build Order

jeannysu Protoss 

Build Orders: 1 Gate Expand 

Get SALT Encoding   

  12  0:07  Probe  
  13  0:16  Pylon  
  13  0:23  Probe  
  14  0:35  Probe  
  15  0:39  Gateway  
  15  0:44  Probe  
  15  0:48  Assimilator  
  16  0:52  Probe  
  17  1:01  Probe  
  18  1:14  Probe  
  19  1:26  Probe  
  20  1:33  Nexus  
  20  1:40  Pylon  
  20  1:45  Probe  
  21  1:47  Assimilator  
  21  2:07  Probe  
  22  2:14  Cybernetics Core  
  21  2:28  Probe  
  22  2:40  Probe  
  22  2:41  Adept  
  23  2:47  Pylon  
  23  2:50  Warp Gate, Probe  
  25  2:53  Probe  
  27  2:59  Probe  
  27  3:05  Pylon, Probe  
  28  3:08  Probe  
  29  3:17  Probe  
  30  3:20  Probe  
  30  3:21  Sentry  
  30  3:25  Stargate  
  33  3:29  Probe  
  34  3:35  Twilight Council  
  34  3:39  Probe  
  35  3:44  Assimilator  
  35  3:46  Assimilator  
  35  3:51  Probe  
  36  4:03  Probe  
  37  4:15  Probe  
  36  4:18  Probe, Stalker  
  39  4:24  Oracle, Blink  
  39  4:28  Probe  
  39  4:30  Probe  
  44  4:38  Probe  
  44  4:40  Probe  
  46  4:47  Probe  
  46  4:48  Pylon  
  46  4:52  Probe  
  48  4:57  Probe  
  49  5:01  Nexus  
  49  5:04  Probe  
  49  5:06  Pylon  
  50  5:09  Probe, Assimilator  
  50  5:11  Gateway  
  50  5:12  Gateway  
  50  5:14  Assimilator  
  51  5:15  Gateway  
  51  5:16  Probe  
  52  5:21  Probe  
  52  5:26  Gateway  
  52  5:28  Probe  
  54  5:33  Probe  
  55  5:49  Stalker  
  57  5:55  Oracle  
  60  6:06  Pylon  
  60  6:13  Probe  
  62  6:18  Probe x2  
  62  6:25  Probe, Charge  
  64  6:28  Stalker x3  
  64  6:29  Stalker  
  64  6:30  Probe x2  
  74  6:37  Probe  
  75  6:42  Probe x2, Stalker  
  79  6:49  Probe  
  79  6:54  Forge, Probe  
  80  6:55  Forge, Probe  
  82  7:01  Probe, Stalker x2  
  82  7:02  Stalker  
  82  7:07  Probe x2  
  91  7:11  Pylon  
  91  7:13  Probe  
  92  7:19  Probe x2  
  94  7:23  Stalker x2  
  94  7:25  Probe  
  99  7:31  Probe x2  
  101  7:38  Probe  
  101  7:44  Shield Battery, Nexus  
  102  7:46  Shield Battery  
  102  7:47  Pylon  
  102  7:50  Stalker x2  
  102  7:51  Stalker  
  108  8:01  Pylon  
  108  8:03  Pylon  
  108  8:04  Pylon  
  108  8:06  Pylon  
  108  8:33  Stalker  
  108  8:34  Stalker x4  
  118  8:51  Gateway  
  118  8:54  Gateway  
  118  8:56  Gateway  
  118  9:00  Stalker x4  
  118  9:01  Gateway, Stalker  
  128  9:02  Gateway  
  128  9:06  Gateway  
  128  9:08  Gateway  
  128  9:11  Probe  
  128  9:12  Probe x3  
  132  9:23  Probe  
  133  9:24  Probe x3  
  133  9:36  Probe x3  
  132  9:48  Probe  
  120  10:11  Stalker x4  
  120  10:12  Stalker x3  
Show
View Real Time Build Order
Export as new Build Order

인공지능 칸 (정예) Protoss - Winner!

Build Orders: Colossus Rush 

Get SALT Encoding   

  12  0:00  Probe  
  13  0:13  Probe  
  14  0:19  Pylon  
  14  0:25  Probe  
  15  0:33  Probe  
  15  0:42  Probe  
  16  0:47  Assimilator  
  17  0:50  Gateway  
  17  0:51  Probe  
  18  0:59  Pylon  
  18  1:00  Probe  
  19  1:08  Probe  
  19  1:18  Probe  
  21  1:30  Probe  
  22  1:39  Cybernetics Core, Zealot  
  24  1:42  Probe  
  25  1:59  Nexus  
  25  2:00  Probe  
  25  2:08  Probe  
  26  2:13  Stalker  
  27  2:16  Warp Gate  
  27  2:17  Probe  
  30  2:28  Pylon  
  30  2:29  Probe  
  31  2:38  Gateway  
  31  2:43  Assimilator  
  31  2:46  Probe  
  31  2:47  Adept  
  34  2:59  Probe  
  34  3:00  Pylon  
  35  3:07  Probe  
  35  3:09  Adept  
  35  3:11  Probe  
  37  3:15  Probe  
  39  3:23  Probe  
  40  3:29  Robotics Facility  
  40  3:31  Adept  
  42  3:34  Probe  
  42  3:36  Probe  
  42  3:40  Adept  
  46  3:46  Probe  
  46  3:48  Probe  
  48  3:58  Probe  
  48  4:00  Probe  
  50  4:08  Probe  
  50  4:09  Adept  
  52  4:12  Probe  
  52  4:16  Probe  
  54  4:17  Pylon, Adept  
  54  4:19  Observer, Robotics Bay  
  58  4:24  Probe  
  58  4:25  Probe  
  58  4:28  Robotics Facility  
  60  4:34  Pylon, Stalker  
  62  4:39  Stalker  
  62  4:44  Probe  
  62  4:45  Pylon, Probe  
  66  5:06  Gateway  
  66  5:13  Colossus  
  72  5:15  Zealot  
  72  5:16  Pylon  
  72  5:18  Zealot  
  76  5:29  Pylon, Zealot  
  78  5:36  Probe  
  78  5:37  Probe  
  78  5:38  Zealot  
  79  5:45  Stalker, Assimilator  
  79  5:47  Forge  
  79  5:48  Probe  
  79  5:49  Probe, Assimilator  
  83  5:52  Nexus  
  83  5:58  Stalker  
  83  6:00  Sentry  
  87  6:08  Probe x2, Stalker  
  87  6:11  Pylon  
  91  6:17  Probe  
  91  6:20  Probe  
  91  6:21  Sentry  
  91  6:24  Stalker  
  91  6:25  Forge, Probe  
  97  6:29  Stalker  
  97  6:30  Pylon  
  97  6:32  Probe  
  101  6:33  Protoss Ground Weapons Level 1  
  101  6:37  Protoss Ground Armor Level 1  
  101  6:51  Colossus  
  101  6:53  Pylon  
  101  6:59  Gateway  
  101  7:04  Probe x3  
  110  7:12  Sentry  
  110  7:14  Assimilator  
  112  7:16  Pylon, Probe x2  
  112  7:17  Probe  
  112  7:20  Photon Cannon  
  112  7:21  Assimilator  
  108  7:28  Probe x2  
  108  7:29  Probe  
  102  7:37  Twilight Council  
  102  7:40  Probe x2  
  102  7:42  Probe  
  105  7:48  Pylon  
  105  7:52  Probe  
  105  7:53  Probe  
  105  7:54  Probe  
  105  7:57  Extended Thermal Lance  
  108  8:04  Probe, Photon Cannon  
  108  8:05  Probe  
  110  8:06  Probe, Blink  
  111  8:16  Probe, Photon Cannon  
  111  8:17  Probe  
  111  8:18  Probe  
  108  8:24  Stalker  
  108  8:25  Probe  
  110  8:28  Stalker  
  110  8:29  Probe  
  110  8:30  Probe  
  110  8:33  Probe  
  115  8:35  Colossus  
  115  8:36  Stalker  
  118  8:41  Probe  
  118  8:43  Probe x2  
  121  8:48  Stalker  
  121  8:52  Stalker  
  121  8:53  Probe  
  121  8:55  Probe  
  127  8:56  Probe  
  127  9:01  Stalker  
  130  9:03  Probe  
  130  9:04  Stalker  
  130  9:07  Probe  
  130  9:08  Probe  
  135  9:11  Probe, Stalker  
  135  9:15  Stalker  
  139  9:19  Probe  
  139  9:20  Pylon, Probe  
  139  9:21  Probe  
  133  9:27  Probe  
  132  9:32  Probe  
  132  9:33  Probe  
  132  9:36  Probe  
  135  9:43  Stalker x3  
  135  9:44  Probe  
  143  9:45  Probe  
  143  9:48  Probe  
  143  9:52  Pylon  
  145  9:56  Probe  
  144  10:00  Nexus  
  144  10:01  Probe  
  144  10:03  Probe  
  144  10:06  Probe  
  132  10:07  Stalker  
  132  10:11  Zealot  
  130  10:14  Zealot  
  130  10:17  Zealot  
Tags
 
Matchup
PvP
Replay Pack
새 폴더
Spawn Locations
Cross Positions
Add a new tag
Caveats
  • Supply blocks, unpowered buildings, or Contaminate may cause inaccurate times.
  • Supply counts are checked every 10 seconds.